AoeStats
← Maty

Arabia

505115837Analyzed
1v1 RM · 24d ago on Sep 7, 2026· 44m 46s· 2 players
Game mode
Random Map
Map size
Tiny (2 player)
Population
200
Speed
Normal
Resources
Standard
Victory
Conquest
Starting age
Dark Age
Ending age
Imperial Age
RankedLock teamsTeams togetherTeam positionsShared explorationLock speedFull tech treeHidden civsTurbo modeCheats
Victory
Defeat
🇦🇷 Poles · Argentina
1935
+13
🇪🇨 Dravidians · Ecuador
1859
-13
Maty
8:18 Loom
11:05 Feudal Age
12:00 Double-Bit Axe
11:56 Horse Collar
14:22 Man-at-Arms
17:48 Fletching
19:41 Padded Archer Armor
22:12 Castle Age
21:33 Gold Mining
21:58 Scale Mail Armor
22:14 Elite Skirmisher
22:50 Bodkin Arrow
22:18 Long Swordsman
23:13 Bow Saw
22:51 Town Watch
24:37 Pikeman
26:40 Squires
27:29 Crossbowman
29:52 Wheelbarrow
33:39 Scale Barding Armor
40:46 Imperial Age
39:39 Leather Archer Armor
40:17 Heavy Plow
41:29 Gambesons
41:58 Halberdier
Buchi
6:10 Loom
6:25 Loom
9:25 Feudal Age
12:50 Double-Bit Axe
14:26 Horse Collar
15:19 Fletching
18:15 Padded Archer Armor
22:47 Castle Age
22:09 Scale Barding Armor
22:16 Bloodlines
24:00 Wheelbarrow
22:50 Light Cavalry
23:53 Chain Barding Armor
23:32 Elite Skirmisher
25:00 Crossbowman
25:38 Bodkin Arrow
26:03 Heavy Plow
26:24 Forging
29:21 Bow Saw
29:15 Gold Mining
31:32 Ballistics
34:52 Stone Mining
36:11 Husbandry
38:47 Imperial Age
36:55 Hand Cart
37:36 Szlachta Privileges
38:33 Iron Casting
39:01 Cavalier
40:03 Scale Mail Armor
41:08 Blast Furnace
42:06 Conscription
43:37 Scale Mail Armor
44:01 Squires
45:00 Crop Rotation
45:37 Chain Mail Armor
Connection lost

Rejoining the realm…

Still unreachable

The connection could not be restored.

Session expired

The server has moved on; the page needs a fresh start.